AoeStats
← 重案组之虎曹达华JESSEJAMES

Arena

509879070Analyzed
4v4 RM · 5d ago on Sep 28, 2026· 35m 55s· 8 players
Game mode
Random Map
Map size
Large (8 player)
Population
200
Speed
Normal
Resources
Standard
Victory
Conquest
Starting age
Dark Age
Ending age
Imperial Age
RankedLock teamsTeams togetherTeam positionsShared explorationLock speedFull tech treeHidden civsTurbo modeCheats
Victory
Defeat
🇨🇳 Mapuche · China
1316
+12
🇹🇼 Huns · Taiwan
1245
+15
🇨🇳 Burmese · China
1235
+16
1192
+18
🇺🇸 Turks · United States
1244
-16
🇨🇳 Hindustanis · China
1243
-16
🇨🇭 Mongols · Switzerland
1216
-15
🇹🇼 Ethiopians · Taiwan
1202
-14
petey_hs
11:16 Feudal Age
15:12 Castle Age
13:30 Double-Bit Axe
14:07 Horse Collar
17:15 Loom
24:46 Bow Saw
25:14 Fletching
26:12 Heavy Plow
26:07 Gold Mining
27:26 Wheelbarrow
28:19 Bodkin Arrow
32:08 Imperial Age
30:06 Bodkin Arrow
30:14 Padded Archer Armor
31:01 Gold Shaft Mining
30:16 Stone Mining
30:49 Ballistics
30:12 Treadmill Crane
30:38 Town Watch
31:42 Leather Archer Armor
31:38 Scale Barding Armor
32:40 Forging
33:13 Conscription
33:36 Bracer
35:11 Ring Archer Armor
永远在进步
11:10 Feudal Age
9:54 Loom
12:21 Horse Collar
14:44 Castle Age
13:13 Double-Bit Axe
13:56 Horse Collar
15:51 Heavy Plow
20:11 Loom
21:52 Wheelbarrow
22:58 Loom
28:04 Gold Mining
31:21 Stone Mining
35:03 Imperial Age
33:17 Bloodlines
33:08 Husbandry
33:18 Scale Barding Armor
33:24 Forging
simonchen0125
10:45 Feudal Age
14:32 Castle Age
12:21 Horse Collar
15:06 Double-Bit Axe
15:26 Town Watch
16:10 Bow Saw
18:55 Loom
20:24 Wheelbarrow
22:41 Gold Mining
23:19 Stone Mining
28:28 Imperial Age
26:56 Gold Shaft Mining
26:30 Fletching
26:41 Padded Archer Armor
27:44 Ballistics
27:16 Crossbowman
28:36 Hand Cart
28:32 Bodkin Arrow
28:53 Leather Archer Armor
30:26 Chemistry
30:27 Bracer
30:03 Arbalester
31:25 Thumb Ring
32:44 Fortified Wall
33:31 Torsion Engines
34:15 Onager
the Puchu
9:14 Feudal Age
10:31 Loom
14:48 Castle Age
13:20 Double-Bit Axe
13:35 Horse Collar
23:17 Wheelbarrow
22:30 Town Watch
24:11 Scale Barding Armor
27:14 Chain Barding Armor
27:36 Husbandry
27:47 Bloodlines
28:56 Fletching
32:27 Bodkin Arrow
35:22 Imperial Age
33:30 Padded Archer Armor
35:29 Ballistics
35:45 Forging
35:31 Elite Steppe Lancer
clp0526
10:48 Feudal Age
12:29 Horse Collar
15:26 Castle Age
13:45 Double-Bit Axe
16:25 Heavy Plow
18:08 Loom
22:45 Wheelbarrow
24:04 Bow Saw
24:18 Gold Mining
25:41 Scale Barding Armor
25:47 Forging
26:21 Stone Mining
27:09 Hand Cart
30:17 Imperial Age
28:37 Iron Casting
28:23 Chain Barding Armor
29:08 Gold Shaft Mining
29:23 Husbandry
29:34 Bloodlines
30:38 Marauders
32:05 Blast Furnace
31:41 Plate Barding Armor
30:30 Elite Tarkan
31:31 Conscription
33:13 Two-Man Saw
32:20 Cavalier
33:18 Light Cavalry
微操大师蒋中正
10:18 Feudal Age
14:19 Castle Age
13:52 Loom
19:17 Town Watch
26:58 Gold Mining
30:50 Wheelbarrow
31:14 Husbandry
36:25 Imperial Age
重案组之虎曹达华JESSEJAMES
9:47 Feudal Age
11:40 Double-Bit Axe
14:22 Castle Age
13:03 Horse Collar
15:42 Bow Saw
17:47 Heavy Plow
20:25 Loom
24:02 Wheelbarrow
24:13 Gold Mining
25:18 Hand Cart
29:09 Imperial Age
27:40 Gold Shaft Mining
27:48 Fletching
28:45 Bodkin Arrow
29:37 Ballistics
30:14 Conscription
29:55 Double Crossbow
31:50 Chemistry
31:04 Heavy Scorpion
33:36 Bracer
35:47 Siege Engineers
35:54 Fortified Wall
36:08 Scale Mail Armor
白鹿城拉车车
10:10 Feudal Age
11:26 Double-Bit Axe
14:00 Castle Age
12:10 Horse Collar
15:31 Bow Saw
19:24 Wheelbarrow
19:39 Heavy Plow
20:16 Gold Mining
22:29 Gold Shaft Mining
22:59 Hand Cart
22:58 Loom
27:17 Imperial Age
24:45 Town Watch
24:52 Fletching
24:48 Treadmill Crane
25:53 Bodkin Arrow
25:58 Padded Archer Armor
26:23 Ballistics
26:57 Malon
27:54 Leather Archer Armor
29:04 Chemistry
28:27 Conscription
28:35 Butalmapu
29:31 Ring Archer Armor
29:49 Gold Shaft Mining
29:04 Stone Mining
29:53 Elite Bolas Rider
31:42 Town Patrol
32:48 Forging
32:39 Scale Mail Armor
35:22 Iron Casting
35:02 Chain Mail Armor
35:37 Stone Shaft Mining
35:32 Crop Rotation
35:01 Elite Kona
36:17 Hoardings
37:26 Blast Furnace
Connection lost

Rejoining the realm…

Still unreachable

The connection could not be restored.

Session expired

The server has moved on; the page needs a fresh start.